 Dungeon Crawl Stone Soup version 0.22.1-2-g9c5b331 (webtiles) character file.

13 Haldmier the Ruffian (level 2, -3/25 HPs)
             Began as a Naga Transmuter on Nov 27, 2018.
             Slain by a kobold
             ... wielding a +0 dagger
              (5 damage)
             ... on level 1 of the Dungeon.
             The game lasted 00:02:30 (637 turns).

Haldmier the Ruffian (Naga Transmuter)               Turns: 637, Time: 00:02:30

Health: -3/25      AC:  1    Str: 12    XL:     2   Next: 37%
Magic:  5/5        EV: 10    Int: 13    God:
Gold:   22         SH:  0    Dex: 11    Spells: 4/5 levels left

rFire    . . .     SeeInvis +     - Unarmed
rCold    . . .     Gourm    .   (no shield)
rNeg     . . .     Faith    .   b - +0 robe
rPois    +         Spirit   .   (no helmet)
rElec    .         Reflect  .   (no cloak)
rCorr    .         Harm     .   (no gloves)
MR       .....                  (no barding)
Stlth    +.........             (no amulet)
HPRegen  0.08/turn              (no ring)
MPRegen  0.09/turn              (no ring)

@: appendage (expiring), very slow
A: large, horns 2, see invisible, deformed body, poison resistance, slowness 2,
slow metabolism 1, spit poison 1, AC +0
a: Spit Poison, End Transformation


You were on level 1 of the Dungeon.
You were not hungry.
You had grown temporary horns.
You visited 1 branch of the dungeon, and saw 1 of its levels.

You collected 22 gold pieces.

Inventory:

Missiles
 a - 12 arrows
 e - 32 stones (quivered)
Armour
 b - a +0 robe (worn)
 f - a +0 leather armour
Jewellery
 j - an uncursed ring of see invisible {unknown}
Scrolls
 c - 2 scrolls of remove curse {unknown}
 i - a scroll of identify {unknown}
 k - a scroll of enchant armour {unknown}
 m - a scroll of teleportation {unknown}
 n - a scroll of amnesia {unknown}
Potions
 h - a potion of berserk rage {unknown}
 l - 2 potions of curing {unknown}
Comestibles
 d - 3 rations
 g - 2 chunks of flesh


   Skills:
 + Level 1.1 Fighting
 + Level 1.6 Dodging
 + Level 1.0 Stealth
 * Level 3.2 Unarmed Combat
 + Level 2.1 Spellcasting
 * Level 2.2 Transmutations


You had 4 spell levels left.
You knew the following spells:

 Your Spells              Type           Power        Failure   Level  Hunger
a - Beastly Appendage     Tmut           #.....       10%         1    ##.....

Your spell library contained the following spells:

 Spells                   Type           Power        Failure   Level  Hunger
 Sticks to Snakes         Tmut           #.......     16%         2    ###....
 Spider Form              Tmut/Pois      #.........   43%         3    ####...
 Ice Form                 Ice/Tmut       #.......     85%         4    #####..
 Blade Hands              Tmut           #.........   95%         5    ######.


Dungeon Overview and Level Annotations

Branches:
Dungeon (1/15)

Altars:


Innate Abilities, Weirdness & Mutations

You cannot wear boots.
Your serpentine skin is tough. (AC +0)
You have supernaturally acute eyesight. (SInv)
Armour fits poorly on your strangely shaped body.
Your system is resistant to poisons. (rPois)
You cover ground very slowly.
You have a slow metabolism.
You can spit poison.
You have a pair of horns on your head.


Message History

Press: ? - help, Shift-Dir - straight line, f - kobold
Aim: a kobold, wielding a dagger The splash of poison misses the kobold.
You feel slightly more hungry. The kobold hits you with a dagger.
You barely miss the kobold. You hit the kobold but do no damage.
Your headbutt misses the kobold. The kobold hits you with a dagger.
You barely miss the kobold.
You headbutt the kobold, but do no damage.
The kobold closely misses you.
You hit the kobold but do no damage. Your headbutt misses the kobold.
The kobold hits you with a dagger.
* * * LOW HITPOINT WARNING * * *
You barely miss the kobold. The kobold hits you with a dagger.
* * * LOW HITPOINT WARNING * * *
You hit the kobold.
The kobold is severely wounded.
You have got your breath back.
The kobold hits you with a dagger.
You die...

#######.###.#.#.#...########.####
.......................##.......#
######><##########.[.#.##.##..###
.................#...#.##.#....#
..##......##..##.#.....##.#.#..#
.................#....###.#....##
####......######.#...).[......>..
.................#.....##.#.#..##
################@#.#.#.##.#.#..#
#)K#.#......###..# ..[.#.####.###
#..# ####.#.# #.# #..# #.#.# #.##
#..# #.#.# #..# #..# #.#.# ##.##
#..# #.#.# #..# #..# ##.# #..#


You could see a kobold.

Vanquished Creatures
  A dart slug (D:1)
  3 goblins (D:1)
  2 hobgoblins (D:1)
  A kobold (D:1)
  2 bats (D:1)
9 creatures vanquished.

Notes
Turn   | Place    | Note
-------+----------+-------------------------------------------
     0 | D:1      | Haldmier the Naga Transmuter began the quest for the Orb.
     0 | D:1      | Reached XP level 1. HP: 18/18 MP: 3/3
   440 | D:1      | Reached XP level 2. HP: 22/25 MP: 3/5
   489 | D:1      | Reached skill level 1 in Stealth
   637 | D:1      | Slain by a kobold

Skill      XL: |  1  2 |
---------------+-------+-----
Stealth        | 1 |  1.0
Fighting       | |  1.1
Dodging        | |  1.6
Unarmed Combat | |  3.2
Spellcasting   | |  2.1
Transmutations | |  2.2

Action                   || total
-------------------------++-------
Melee: Unarmed           ||    28
       Headbutt          ||     4
Throw: Stone             ||     2
 Cast: Beastly Appendage ||     7
 Abil: Spit Poison       ||     2
 Stab: Sleeping          ||     1
Armor: Robe              ||     5
Dodge: Dodged            ||    12
